 Dungeon Crawl Stone Soup version 0.31-a0-803-g95b03c3367 (webtiles) character file.

Game seed: 4765047369965979332

16 javelincjr the Ruffian (level 2, 0/23 HPs)
             Began as a Demigod Shapeshifter on Sept 20, 2023.
             Slain by a rat (1 damage)
             ... on level 1 of the Dungeon.
             The game lasted 00:01:02 (276 turns).

javelincjr the Ruffian (Demigod Shapeshifter)        Turns: 276, Time: 00:01:03

Health: 0/23       AC:  2    Str: 15    XL:     2   Next: 24%
Magic:  4/4        EV: 12    Int: 12    God:
Gold:   9          SH:  0    Dex: 13    Spells: 1/1 levels left

rFire   . . .        f - +0 executioner's axe
rCold   . . .        (shield currently unavailable)
rNeg    . . .        a - +0 animal skin
rPois   .            (helmet currently unavailable)
rElec   .            (cloak currently unavailable)
rCorr   .            (gloves currently unavailable)
SInv    .            (boots currently unavailable)
Will    .....        (no amulet)
Stlth   +            (no ring)
HPRegen 0.23/turn    (no ring)
MPRegen 0.09/turn

%: no passive effects
@: beast-form
A: beast (slay +1), high MP 1, forlorn, divine attributes
a: Begin Untransformation


You were on level 1 of the Dungeon.
You were a hulking beast.
You visited 1 branch of the dungeon, and saw 1 of its levels.

You collected 9 gold pieces.

Inventory:

Hand Weapons
 f - a +0 executioner's axe (weapon)
Missiles
 g - 6 stones
Armour
 a - a +0 animal skin (worn)
Talismans
 c - a beast talisman (active)
 d - a flux talisman
Scrolls
 e - a scroll of identify {unknown}
Potions
 b - 2 potions of lignification
 h - a potion of enlightenment {unknown}


   Skills:
 + Level 1.2 Fighting
 + Level 2.0 Dodging
 + Level 2.9 Unarmed Combat
 + Level 2.8 Shapeshifting


You had one spell level left.
You didn't know any spells.
Your spell library was empty.

Dungeon Overview and Level Annotations

Branches:
Dungeon (1/15)


Innate Abilities, Weirdness & Mutations

You are a hulking beast.
Your limbs bulge with bestial killing power. (Slay +1)
You have an increased reservoir of magic. (+10% MP)
You shall have no god before yourself.
Your divine heritage dramatically boosts your attributes as you level up.


Message History

Found a stone staircase leading down.
A hobgoblin comes into view.
The hobgoblin closely misses you.
You slash the hobgoblin!
You kill the hobgoblin!
No target in view!
You open the door.
There is an open door here.
You open the door.
An endoplasm comes into view.
The endoplasm quivers.
There is an open door here.
The endoplasm misses you.
You slash the endoplasm!
You kill the endoplasm!
No target in view!
A rat comes into view.
A hobgoblin comes into view.
The hobgoblin shouts!
A kobold comes into view. It is wielding a +0 dagger.
You closely miss the rat. The rat closely misses you. x2
You closely miss the rat. The rat misses you. The rat barely misses you.
The hobgoblin hits you.
You hit the hobgoblin but do no damage. You barely miss the rat.
The rat barely misses you. The hobgoblin hits you. The rat barely misses you.
The hobgoblin hits you.
You barely miss the hobgoblin. You barely miss the rat.
You closely miss the kobold. The rat completely misses you.
The hobgoblin hits you. The kobold hits you but does no damage.
The rat bites you. The kobold barely misses you. The hobgoblin hits you.
* * * LOW HITPOINT WARNING * * *
You are too injured to fight recklessly!
You are too injured to fight recklessly!
You barely miss the rat. You barely miss the kobold.
You barely miss the hobgoblin. The rat closely misses you.
The hobgoblin hits you but does no damage.
The kobold hits you with a +0 dagger.
* * * LOW HITPOINT WARNING * * *
The rat bites you.
You die...

###....###................##.#
...#.....#................##.#
...###....................##.#
...#..#..##...............##.#
###...#...+...............'..#
#.....#.###...............##.#
...###...##...............####
..#.. ........g..........# ###
. #....rh.........# ..#
#####K......##### ..#
#.####### .... #. # . .. ..
..# ### #


You could see a hobgoblin, a kobold and a rat.

Vanquished Creatures
  A dart slug (D:1)
  2 endoplasms (D:1)
  A giant cockroach (D:1)
  2 hobgoblins (D:1)
  2 kobolds (D:1)
  2 ball pythons (D:1)
  A bat (D:1)
  A frilled lizard (D:1)
  A rat (D:1)
13 creatures vanquished.

Notes
Turn   | Place    | Note
-------+----------+-------------------------------------------
     0 | D:1      | javelincjr the Demigod Shapeshifter began the quest for the
                  | Orb.
     0 | D:1      | Reached XP level 1. HP: 15/15 MP: 3/3
    53 | D:1      | Reached skill level 1 in Fighting
   224 | D:1      | Reached XP level 2. HP: 23/23 MP: 4/4
   276 | D:1      | HP: 1/23 [kobold/+0 dagger (3)]
   276 | D:1      | Slain by a rat

Illustrated notes

Levels and vault maps discovered:
D:1:      dpeg_arrival_water_altar, layout_basic, serial_rivers,
          chequers_serial_rivers_room_a, chequers_serial_rivers_small_b,
          chequers_serial_rivers_micro_b, chequers_serial_rivers_micro_b,
          chequers_serial_rivers_room_b, nicolae_titane

Skill      XL: |  1 |
---------------+----+-----
Fighting       | 1 |  1.2
Dodging        | 2 |  2.0
Unarmed Combat | |  2.9
Shapeshifting  | |  2.8

Action                     || total
---------------------------++-------
  Melee: Executioner's axe ||    31
         Unarmed           ||     6
   Stab: Sleeping          ||     1
 Armour: Animal skin       ||    30
  Dodge: Dodged            ||    43

Table legend: (Time is in decaauts)
 A = Elapsed time spent in this place.
 B = Non-inter-level travel time spent in this place.
 C = Inter-level travel time spent in this place.
 D = Time resting spent in this place.
 E = Time spent auto-exploring this place.
 F = Levels seen in this place.
 G = Mean time per level.
                   A        B        C        D        E       F      G
               +--------+--------+--------+--------+--------+-----+--------+
         Total |    302 |    302 |      0 |      0 |    178 |   1 |  302.0 |
       Dungeon |    302 |    302 |      0 |      0 |    178 |   1 |  302.0 |
               +--------+--------+--------+--------+--------+-----+--------+

Top non-repeatable levels by time:
     D:1: 302 daAuts
